 Dungeon Crawl Stone Soup version 0.29-a0-870-g2c972031a6 (webtiles) character file.

Game seed: 14546466797286415249

2423 ytrimaz the Protected (level 9, -5/78 HPs)
             Began as a Formicid Fighter on July 17, 2022.
             Slain by an orc warrior
             ... wielding a +0 glaive
              (16 damage)
             ... on level 7 of the Dungeon.
             The game lasted 00:07:23 (6726 turns).

ytrimaz the Protected (Formicid Fighter)            Turns: 6726, Time: 00:07:23

Health: -5/78      AC: 18    Str: 26    XL:     9   Next: 76%
Magic:  9/9        EV:  7    Int:  7    God:
Gold:   152        SH:  5    Dex: 13    Spells: 8/8 levels left

rFire   . . .      SeeInvis +   a - +1 war axe
rCold   + . .      Faith    .   c - +0 buckler
rNeg    . . .      Spirit   .   l - +0 plate armour
rPois   .          Reflect  .   (helmet unavailable)
rElec   .          Harm     .   s - +0 cloak
rCorr   .          Rampage  .   x - +1 pair of gloves
Will    +....                   (no boots)
Stlth   ..........              (no amulet)
HPRegen 0.23/turn               e - ring of willpower
MPRegen 0.11/turn               h - ring of protection from cold

@: mighty
A: permanent stasis, dig shafts and tunnels, antennae 3, four strong arms
a: Dig, Shaft Self


You were on level 7 of the Dungeon.
You visited 1 branch of the dungeon, and saw 7 of its levels.

You collected 252 gold pieces.
You spent 100 gold pieces at shops.

Inventory:

Hand Weapons
 a - a +1 war axe (weapon)
Missiles
 i - 5 javelins
 j - 8 boomerangs
Armour
 b - a +1 scale mail
 c - a +0 buckler (worn)
 l - a +0 plate armour (worn)
 s - a +0 cloak (worn)
 x - a +1 pair of gloves (worn)
Jewellery
 e - a ring of willpower (left hand)
 h - a ring of protection from cold (right hand)
Wands
 n - a wand of acid (13)
 q - a wand of polymorph (3)
 w - a wand of flame (47)
 y - a wand of iceblast (5)
Scrolls
 g - a scroll of silence
 m - a scroll of noise
 o - a scroll of amnesia
 p - 2 scrolls of identify
 t - a scroll of poison
 v - a scroll of summoning
Potions
 f - a potion of magic
 r - a potion of flight {unknown}
 u - 2 potions of invisibility {unknown}
 z - a potion of heal wounds {unknown}
 A - a potion of lignification {unknown}
 B - a potion of degeneration {unknown}


   Skills:
 + Level 9.8 Fighting
 - Level 3.0 Axes
 + Level 10.3 Armour
 - Level 4.1 Shields


You had 8 spell levels left.
You didn't know any spells.
Your spell library contained the following spells:

 Spells                   Type           Power      Damage    Failure   Level
 Apportation              Tloc           0%         N/A       99%         1
 Foxfire                  Conj/Fire      0%         2x1d4     99%         1
 Necrotise                Necr           0%         1d4       99%         1
 Summon Small Mammal      Summ           0%         N/A       99%         1
 Conjure Flame            Conj/Fire      0%         6-21      100%        3
 Dazzling Flash           Conj/Hex       0%         N/A       100%        3
 Inner Flame              Hex/Fire       0%         N/A       100%        3
 Flame Wave               Conj/Fire      0%         2d4       100%        4
 Iskenderun's Mystic Bla  Conj/Tloc      0%         2d3       100%        4
 Petrify                  Tmut/Erth      0%         N/A       100%        4
 Metabolic Englaciation   Hex/Ice        0%         N/A       100%        5
 Starburst                Conj/Fire      0%         6d3       100%        6
 Statue Form              Tmut/Erth      0%         N/A       100%        6


Dungeon Overview and Level Annotations

Branches:
Dungeon (7/15)
 Temple: D:4-7

Altars:
Hepliaklqana
Trog
Vehumet

Shops:
D:4 *


Innate Abilities, Weirdness & Mutations

You cannot be hasted, slowed, berserked, paralysed or teleported.
You can dig through walls and to a lower floor.
You have a pair of large antennae on your head. (SInv)
Your four strong arms can wield two-handed weapons with a shield.


Message History

The orc priest closely misses you.
Unknown command.
You barely miss the orc priest.
The orc priest is moderately wounded.
The orc priest hits you but does no damage.
The orc warrior hits you from afar with a +0 glaive.
You slash the orc priest!
The orc priest is severely wounded.
You block the orc priest's attack.
The orc warrior hits you from afar with a +0 glaive!
The orc warrior hits you from afar with a +0 glaive.
The orc priest hits you but does no damage.
You barely miss the orc priest.
The orc priest is severely wounded.
The orc priest hits you but does no damage.
You block the orc warrior's attack.
Unknown command.
The orc priest mumbles some strange prayers to Beogh against you.
Beogh smites you!
* * * LOW HITPOINT WARNING * * *
An orc comes into view. It is wielding a +0 hand axe.
You feel better.
You feel very mighty all of a sudden.
The orc priest hits you with a +0 dagger.
* * * LOW HITPOINT WARNING * * *
The orc warrior hits you from afar with a +0 glaive!
* * * LOW HITPOINT WARNING * * *
Unknown command.
You hit the orc priest.
You kill the orc priest!
You block the orc warrior's attack.
The orc warrior hits you but does no damage.
Unknown command.
The orc warrior barely misses you.
Things that are here:
a +0 dagger; a +0 ring mail; an orc corpse You slash the orc warrior!
The orc warrior is moderately wounded.
The orc warrior hits you with a +0 glaive!
You die...

#.# #.# #.# ###
####.# ..# #....#
..# #.##.# ....
♣♣♣♣'♣♣♣♣## #
...#
+...[...'.####.##
# .#
♣.#...#.♣..@oo..#
# ♣
#._.#.♣#####.##
#...#.♣ #
.......+
♣♣♣♣+♣♣♣♣


You could see an orc warrior and an orc.

Vanquished Creatures
  Grinder (D:5)
  Prince Ribbit (D:5)
  Sigmund (D:5)
  A water moccasin (D:5)
  An orc warrior (D:7)
  2 centaurs (D:7)
  4 phantoms (D:5)
  2 necrophages
  A bullfrog (D:6)
  4 scorpions
  A howler monkey (D:6)
  A jelly (D:5)
  3 hounds
  An orc priest (D:7)
  3 iguanas
  Crazy Yiuf (D:3)
  Natasha (thrice) (D:3)
  A gnoll bouda (D:7)
  Ijyb (D:5)
  An orc wizard (D:5)
  7 adders
  8 gnolls
  2 ufetubi (D:6)
  2 worms
  3 dart slugs
  16 orcs
  6 endoplasms
  3 giant cockroaches
  8 goblins
  6 hobgoblins
  4 jackals (D:4)
  3 quokkas
  6 ball pythons
  7 bats
  A frilled lizard (D:1)
  6 kobolds
  5 rats
127 creatures vanquished.

Vanquished Creatures (collateral kills)
  2 orc priests (D:6)
  An iguana (D:6)
3 creatures vanquished.

Vanquished Creatures (others)
  2 plants (D:4)
2 creatures vanquished.

Grand Total: 132 creatures vanquished

Notes
Turn   | Place    | Note
-------+----------+-------------------------------------------
     0 | D:1      | ytrimaz the Formicid Fighter began the quest for the Orb.
     0 | D:1      | Reached XP level 1. HP: 18/18 MP: 1/1
    85 | D:1      | Reached XP level 2. HP: 13/24 MP: 2/2
  1084 | D:2      | Reached XP level 3. HP: 24/30 MP: 3/3
  1787 | D:3      | Noticed Natasha
  1797 | D:3      | Killed Natasha
  1798 | D:3      | Reached XP level 4. HP: 26/37 MP: 4/4
  1813 | D:3      | Noticed Natasha
  1825 | D:3      | Killed Natasha
  1826 | D:3      | Reached skill level 4 in Armour
  1927 | D:3      | Reached XP level 5. HP: 36/43 MP: 5/5
  2382 | D:3      | Found a runed translucent door.
  2383 | D:3      | Noticed Crazy Yiuf
  2414 | D:3      | Noticed Natasha
  2424 | D:3      | Killed Natasha
  2456 | D:3      | Found a faded altar of an unknown god.
  2565 | D:3      | Killed Crazy Yiuf
  2566 | D:3      | Reached skill level 5 in Fighting
  2639 | D:4      | Reached skill level 5 in Armour
  2639 | D:4      | Reached XP level 6. HP: 45/51 MP: 6/6
  2809 | D:4      | Found a radiant altar of Vehumet.
  3011 | D:4      | Found a hazy altar of Hepliaklqana.
  3163 | D:4      | Found Jiny's Assorted Antiques.
  3172 | D:4      | Bought a scroll labelled KOOSCH PAAPRIEMM for 20 gold
                  | pieces
  3172 | D:4      | Bought a scroll labelled YNAROFFEOFA for 20 gold pieces
  3172 | D:4      | Bought 3 scrolls labelled NOBUXT WUISYE for 60 gold pieces
  3401 | D:4      | Reached XP level 7. HP: 8/58 MP: 7/7
  3734 | D:5      | Entered Level 5 of the Dungeon
  3769 | D:5      | Reached skill level 6 in Armour
  4123 | D:5      | Noticed Ijyb
  4132 | D:5      | Killed Ijyb
  4255 | D:5      | Noticed a water moccasin
  4269 | D:5      | Killed a water moccasin
  4426 | D:5      | Noticed Prince Ribbit
  4433 | D:5      | Reached XP level 8. HP: 67/67 MP: 8/8
  4440 | D:5      | Killed Prince Ribbit
  4441 | D:5      | Reached skill level 7 in Armour
  4481 | D:5      | Noticed Grinder
  4496 | D:5      | Killed Grinder
  4497 | D:5      | Reached skill level 8 in Armour
  4719 | D:5      | Noticed Sigmund
  4737 | D:5      | Killed Sigmund
  4738 | D:5      | Reached XP level 9. HP: 53/75 MP: 9/9
  5014 | D:5      | Reached skill level 9 in Armour
  6563 | D:7      | Reached skill level 10 in Armour
  6695 | D:7      | Found a bloodstained altar of Trog.
  6726 | D:7      | Slain by an orc warrior

Illustrated notes

Levels and vault maps discovered:
D:1:      dpeg_arrival_rooms_b, layout_rooms, serial_forest,
          infiniplex_forest_end_1, infiniplex_forest_straight_2,
          infiniplex_forest_lined_3, infiniplex_forest_lined_1,
          infiniplex_forest_clump_curved, chequers_garden, minmay_misc_feat_room
D:2:      layout_rooms
D:3:      layout_rooms, shapermc_ecumenical_altar_mp_vishouse,
          uniq_crazy_yiuf_cottage, uniq_natasha
D:4:      layout_basic, mainiacjoe_overflow_large_starburst, serial_shops,
          nicolae_shop_overgrown_old_shop
D:5:      layout_gridville, uniq_prince_ribbit1, uniq_grinder, uniq_sigmund,
          uniq_ijyb
D:6:      layout_basic, hangedman_abyss_or_decor_lesser_grid,
          chequers_serial_rivers_small_3
D:7:      layout_loops_ring, mainiacjoe_overflow_six_doors_small,
          mainiacjoe_overflow_surrounded_room, lemuel_temple_firewalk_b,
          serial_shops, nicolae_lakefront_shop, hangedman_decor_clover_reticule,
          nicolae_shop_firing_range

Skill      XL: |  1  2  3  4  5  6  7  8  9 |
---------------+----------------------------+-----
Axes           | 3 |  3.0
Fighting       | 4 5 6 7 8 9 |  9.8
Armour         | 4 5 6 8 10 | 10.3
Shields        | |  4.1

Action                   |  1- 3 |  4- 6 |  7- 9 || total
-------------------------+-------+-------+-------++-------
Melee: War axe           |    97 |   109 |   199 ||   405
 Abil: Dig               |       |     1 |     1 ||     2
  Use: Scroll            |     6 |     6 |     3 ||    15
       Potion            |       |       |     4 ||     4
Armor: Scale mail        |    42 |       |       ||    42
       Plate armour      |    12 |    75 |   151 ||   238
Dodge: Dodged            |    45 |    38 |    98 ||   181
Block: Buckler           |    19 |    25 |    51 ||    95

Table legend: (Time is in decaauts)
 A = Elapsed time spent in this place.
 B = Non-inter-level travel time spent in this place.
 C = Inter-level travel time spent in this place.
 D = Time resting spent in this place.
 E = Time spent auto-exploring this place.
 F = Levels seen in this place.
 G = Mean time per level.
                   A        B        C        D        E       F      G
               +--------+--------+--------+--------+--------+-----+--------+
         Total |   6882 |   6706 |    176 |    653 |   4789 |   7 |  983.1 |
       Dungeon |   6882 |   6706 |    176 |    653 |   4789 |   7 |  983.1 |
               +--------+--------+--------+--------+--------+-----+--------+

Top non-repeatable levels by time:
     D:6: 1384 daAuts
     D:5: 1342 daAuts
     D:4: 1151 daAuts
     D:1: 1099 daAuts
     D:3: 839 daAuts
     D:2: 721 daAuts
     D:7: 343 daAuts
